 Dungeon Crawl Stone Soup version 0.28.0-53-g5a82cb258f (webtiles) character file.

Game seed: 1958962832321494517

1337 nickcage the Cleaver (level 8, -4/64 HPs)
             Began as a Minotaur Abyssal Knight on June 14, 2022.
             Was an Elder of Lugonu.
             Slain by a gnoll sergeant
             ... wielding a +0 trident
              (7 damage)
             ... on level 7 of the Dungeon.
             The game lasted 00:12:52 (5107 turns).

nickcage the Cleaver (Minotaur Abyssal Knight)      Turns: 5107, Time: 00:12:53

Health: -4/64      AC: 13    Str: 21    XL:     8   Next: 35%
Magic:  8/8        EV: 10    Int:  7    God:    Lugonu [****..]
Gold:   284        SH:  0    Dex: 10    Spells: 7/7 levels left

rFire   . . .      SeeInvis .   k - +1 war axe (freeze)
rCold   . . .      Faith    .   (no shield)
rNeg    . . .      Spirit   .   u - +0 plate armour
rPois   .          Reflect  .   (helmet restricted)
rElec   .          Harm     .   t - +0 cloak
rCorr   .          Rampage  .   y - +0 pair of gloves
Will    .....                   (no boots)
Stlth   ..........              (no amulet)
HPRegen 0.20/turn               e - +4 ring of evasion
MPRegen 0.11/turn               (no ring)

@: no status effects
A: horns 2, retaliatory headbutt
a: Renounce Religion, Depart the Abyss, Bend Space, Banish, Corrupt


You were on level 7 of the Dungeon.
You worshipped Lugonu.
Lugonu was greatly pleased with you.
You visited 1 branch of the dungeon, and saw 6 of its levels.
You visited the Abyss 1 time.
You also visited: Sewer.

You collected 284 gold pieces.

Inventory:

Hand Weapons
 a - a +1 hand axe
 k - a +1 war axe of freezing (weapon)
 B - a +2 mace of distortion
Missiles
 c - 5 poisoned darts (quivered)
Armour
 b - a +0 leather armour
 f - a +0 chain mail
 t - a +0 cloak (worn)
 u - a +0 plate armour (worn)
 y - a +0 pair of gloves (worn)
Jewellery
 e - a +4 ring of evasion (left hand)
 i - a +6 ring of dexterity
 n - an amulet of regeneration
 p - an amulet of faith
 C - a ring of flight
Wands
 v - a wand of paralysis (9)
Scrolls
 g - a scroll of identify
 j - 4 scrolls of summoning
 o - a scroll of brand weapon
 q - 4 scrolls of teleportation
 D - 2 scrolls of amnesia
Potions
 d - 5 potions of flight
 h - a potion of berserk rage {unknown}
 l - 2 potions of resistance {unknown}
 m - a potion of invisibility {unknown}
 r - a potion of cancellation {unknown}
 s - 2 potions of curing
 w - a potion of heal wounds {unknown}
 z - a potion of mutation {unknown}
 A - a potion of lignification {unknown}


   Skills:
 - Level 3.6 Fighting
 + Level 12.3 Axes
 - Level 2.4 Armour
 - Level 1.1 Dodging
 - Level 1.7 Invocations


You had 7 spell levels left.
You didn't know any spells.
Your spell library was empty.

Dungeon Overview and Level Annotations

Branches:
Dungeon (5/15)              Sewer (visited)
 Temple: D:4-7

Altars:
Fedhas
Gozag
Hepliaklqana
Kikubaaqudgha
Sif Muna

Shops:
D:3 *


Innate Abilities, Weirdness & Mutations

You have a pair of horns on your head.
You reflexively headbutt those who attack you in melee.


Message History

The orc priest is almost dead.
The gnoll shouts!
The orc priest calls down the wrath of Beogh upon you.
Beogh smites you!
You barely miss the orc priest.
The orc priest is almost dead.
The orc priest invokes the aid of Beogh against you.
Beogh smites you!
A gnoll sergeant comes into view. It is wielding a +0 trident.
The gnoll sergeant shouts!
You barely miss the orc priest.
The orc priest is almost dead.
You hear a shout!
The orc priest mumbles some strange prayers to Beogh against you.
Beogh smites you!
* * * LOW HITPOINT WARNING * * *
You hit the orc priest. You freeze the orc priest.
You kill the orc priest!
Lugonu accepts your kill.
A gnoll comes into view. It is wielding a +0 spear.
You see here an iguana corpse.
The gnoll shouts!
You see here an iguana corpse. 2 gnolls come into view.
The gnoll shouts! x2
The gnoll hits you but does no damage.
A gnoll comes into view. It is wielding a +0 club.
The gnoll sergeant hits you from afar with a +0 trident.
* * * LOW HITPOINT WARNING * * *
The gnoll hits you with a +0 whip.
* * * LOW HITPOINT WARNING * * *
The gnoll sergeant hits you with a +0 trident.
* * * LOW HITPOINT WARNING * * *
You hit the gnoll sergeant but do no damage.
You punch the gnoll sergeant, but do no damage.
You slash the gnoll! You freeze the gnoll.
You kill the gnoll!
Lugonu accepts your kill.
The gnoll sergeant hits you with a +0 trident!
You die...

,*,,,,* *,,** ,,,,,,*
**,** ,,,,,,*****,,,*
*,,,,***.#.,,,*###
*,,,,***....**##.##
*,,,,,,,....###...##
,,,,,*#.........†..#
***,**#.........).##
,##.###.........@##
##.........g.g#.g##
..............#...###
.............#....#.#
.................##.###
........g###..........#
........####.######..##
##).....##...#....#.#####
.)....g.#.......#.#..#..#


You could see a gnoll sergeant and 2 gnolls.

Vanquished Creatures
  Sigmund (D:3)
  A sky beast (D:7)
  An ogre (D:5)
  3 scorpions
  A water moccasin skeleton (D:5)
  2 jellies
  A bullfrog zombie (D:5)
  2 orc priests
  2 iguanas
  Ijyb (D:4)
  A merfolk siren (Sewer)
  4 orc wizards (D:5)
  A merfolk avatar (Sewer)
  A killer bee zombie (D:7)
  A hound zombie (D:5)
  A hound skeleton (D:4)
  2 mummies
  A gnoll (D:7)
  4 river rats (Sewer)
  10 adders
  2 worms
  2 dart slugs (D:2)
  20 orcs
  9 endoplasms
  8 giant cockroaches
  9 goblins
  4 hobgoblins
  5 quokkas
  11 ball pythons
  A bat (D:1)
  4 frilled lizards
  4 kobolds
  2 kobold zombies (D:7)
  2 orc zombies (D:7)
  34 rats
158 creatures vanquished.

Vanquished Creatures (collateral kills)
  An iguana (D:4)
1 creature vanquished.

Grand Total: 159 creatures vanquished

Notes
Turn   | Place    | Note
-------+----------+-------------------------------------------
     0 | Abyss:1  | nickcage the Minotaur Abyssal Knight began the quest for
                  | the Orb.
     0 | Abyss:1  | Reached XP level 1. HP: 19/19 MP: 1/1
     8 | D:1      | Escaped the Abyss
   188 | D:1      | Reached skill level 3 in Axes
   220 | D:1      | Reached XP level 2. HP: 26/26 MP: 2/2
   871 | D:1      | Reached skill level 4 in Axes
  1108 | D:1      | Found a faded altar of an unknown god.
  1197 | D:1      | Reached XP level 3. HP: 31/31 MP: 3/3
  1231 | D:2      | Reached ** piety under Lugonu
  1744 | D:2      | Reached skill level 5 in Axes
  1978 | D:3      | Reached XP level 4. HP: 19/39 MP: 4/4
  2183 | D:3      | Found an ancient bone altar of Kikubaaqudgha.
  2190 | D:3      | Noticed Sigmund
  2233 | D:3      | Killed Sigmund
  2234 | D:3      | Reached skill level 7 in Axes
  2234 | D:3      | Reached XP level 5. HP: 21/45 MP: 5/5
  2403 | D:3      | Reached XP level 6. HP: 40/51 MP: 6/6
  2659 | D:3      | Found a faded altar of an unknown god.
  2659 | D:3      | Found a hazy altar of Hepliaklqana.
  2660 | D:3      | Found a faded altar of an unknown god.
  2719 | D:3      | Found a faded altar of an unknown god.
  2795 | D:3      | Found a shimmering blue altar of Sif Muna.
  2841 | D:3      | Found an opulent altar of Gozag.
  2962 | D:3      | Found Wauvenn's General Store.
  3029 | D:4      | Reached skill level 8 in Axes
  3072 | D:4      | Reached *** piety under Lugonu
  3074 | D:4      | Found a glowing drain.
  3078 | Sewer    | Entered a sewer
  3366 | Sewer    | Reached skill level 9 in Axes
  3699 | D:4      | Noticed Ijyb
  3706 | D:4      | Paralysed by Ijyb for 6 turns
  3716 | D:4      | Paralysed by Ijyb for 3 turns
  3724 | D:4      | Killed Ijyb
  3725 | D:4      | Reached XP level 7. HP: 55/57 MP: 7/7
  3842 | D:4      | Found a blossoming altar of Fedhas.
  3949 | D:4      | Reached **** piety under Lugonu
  4204 | D:5      | Entered Level 5 of the Dungeon
  4353 | D:5      | Reached skill level 10 in Axes
  4687 | D:5      | Reached skill level 11 in Axes
  4691 | D:5      | Reached XP level 8. HP: 49/64 MP: 8/8
  4966 | D:5      | You fall into a shaft and drop 2 floors!
  5064 | D:7      | Reached skill level 12 in Axes
  5106 | D:7      | HP: 3/64 [gnoll sergeant/+0 trident (6)]
  5107 | D:7      | Slain by a gnoll sergeant

Illustrated notes

Levels and vault maps discovered:
D:1:      amcnicky_arrival_blooded_trapdoor, layout_basic,
          serial_co_window_serial, co_window_paths_b, co_window_paths_b,
          co_window_corner_a, co_window_corner_a, co_window_cross_1,
          co_window_of_opportunity_c, co_window_unsneaky_path_d,
          co_window_broadway_a, co_window_4corner_a, glass_columns_a,
          glass_columns_a, glass_columns_b, glass_columns_b, glass_columns_a,
          hellmonk_ecumenical_altar_inner_sanctum, minmay_heptomino_o4
D:2:      wad_pebble_path, layout_loops_ring, corexii_item_surrounded_by_moat
D:3:      layout_rooms, mainiacjoe_overflow_alcove_4,
          nicolae_sif_muna_condensation,
          nicolae_hepliaklqana_ecumenical_no_more,
          mainiacjoe_overflow_boulevard, serial_shops, nicolae_shop_trees,
          amcnicky_mini_corridor_feature, corexii_shack, uniq_sigmund
D:4:      layout_rooms, fedhas_altar_2, gup_sewer_entry_spiral,
          gup_ossuary_entry_pyramid, minmay_misc_feat_tower, kennysheep_donut,
          uniq_ijyb
D:5:      layout_rooms, marbit_many_paths
D:7:      layout_cave_pools, minmay_mini_ossuary, uniq_duvessa,
          uniq_crazy_yiuf_cottage

Skill      XL: |  1  2  3  4  5  6  7  8 |
---------------+-------------------------+-----
Axes           | 3 4 5 7 9 11 12 | 12.3
Fighting       | |  3.6
Armour         | |  2.4
Dodging        | |  1.1
Invocations    | |  1.7

Action                   |  1- 3 |  4- 6 |  7- 9 || total
-------------------------+-------+-------+-------++-------
Melee: Hand axe          |    76 |   194 |       ||   270
       Headbutt          |    11 |    25 |    13 ||    49
       Punch             |     1 |     1 |     1 ||     3
       War axe           |       |    15 |    66 ||    81
       Mace              |       |       |    51 ||    51
Throw: Dart              |     1 |       |       ||     1
  Use: Scroll            |       |     6 |     4 ||    10
 Stab: Distracted        |     1 |       |       ||     1
Armor: Chain mail        |    19 |     9 |       ||    28
       Plate armour      |       |    57 |    51 ||   108
Dodge: Dodged            |    47 |    76 |    45 ||   168
